 Dungeon Crawl Stone Soup version 0.28-a0-1435-g82390b3a13 (webtiles) character file.

Game seed: 14925949974329291159

475 hashsling the Magician (level 6, -6/48 HPs)
             Began as a Deep Elf Venom Mage on Jan 9, 2022.
             Was a Believer of Nemelex Xobeh.
             Mangled by an ogre (14 damage)
             ... on level 3 of the Dungeon.
             The game lasted 00:26:58 (5830 turns).

hashsling the Magician (Deep Elf Venom Mage)        Turns: 5830, Time: 00:26:59

Health: -6/48      AC: 23    Str:  5    XL:     6   Next: 84%
Magic:  13/18      EV:  2    Int: 22    God:    Nemelex Xobeh [**....]
Gold:   96         SH:  0    Dex: 15    Spells: 12/19 levels left

rFire   . . .      SeeInvis .   d - +1 spear (freeze)
rCold   . . .      Faith    .   (no shield)
rNeg    . . .      Spirit   .   (armour currently unavailable)
rPois   +          Reflect  .   (helmet currently unavailable)
rElec   .          Harm     .   (cloak currently unavailable)
rCorr   .          Rampage  .   (gloves currently unavailable)
Will    .....      NoTele   +   (boots currently unavailable)
Stlth   ++........              (no amulet)
HPRegen 0.16/turn               (no ring)
MPRegen 0.16/turn               (no ring)

@: tree-form
A: stationary, stasis, torment immunity, boosted hp
a: Renounce Religion, Draw Escape, Draw Destruction, Draw Summoning


You were on level 3 of the Dungeon.
You worshipped Nemelex Xobeh.
Nemelex Xobeh was pleased with you.
You were a tree.
You visited 1 branch of the dungeon, and saw 4 of its levels.
You also visited: Sewer.

You collected 96 gold pieces.

Inventory:

Hand Weapons
 d - a +1 spear of freezing (weapon)
 k - a +1 short sword of venom
Missiles
 b - 32 poisoned darts (quivered)
Armour
 a - a +0 robe (melded)
 e - a +0 pair of gloves (melded)
 o - a +1 pair of boots (melded)
 q - a +2 scale mail of poison resistance
Scrolls
 h - 3 scrolls of teleportation {unknown}
 j - 3 scrolls of summoning {unknown}
 l - a scroll of enchant armour {unknown}
 m - a scroll of magic mapping {unknown}
 n - a scroll of identify
Potions
 c - 5 potions of curing
 f - a potion of lignification
 g - a potion of mutation {unknown}
 i - a potion of invisibility {unknown}
 p - a potion of flight {unknown}


   Skills:
 - Level 2.4 Dodging
 - Level 2.4 Stealth
 * Level 7.2 Spellcasting
 - Level 1.1 Transmutations
 * Level 6.5 Poison Magic


You had 12 spell levels left.
You knew the following spells:

 Your Spells              Type           Power      Damage    Failure   Level
a - Sting                 Tmut/Pois      96%        1d7       1%          1
b - Olgreb's Toxic Radia  Pois           36%        N/A       5%          4
q - Poisonous Vapours     Pois/Air       44%        N/A       3%          2

Your spell library contained the following spells:

 Spells                   Type           Power      Damage    Failure   Level
 Mephitic Cloud           Conj/Pois/Air  17%        N/A       10%         3
 Corpse Rot               Necr/Air       16%        N/A       12%         2
 Fulminant Prism          Conj/Hex       4%         3d6       63%         4
 Iskenderun's Mystic Bla  Conj/Tloc      8%         2d4       63%         4
 Lee's Rapid Deconstruct  Erth           4%         3d6*      92%         5


Dungeon Overview and Level Annotations

Branches:
Dungeon (4/15)              Sewer (visited)
 Temple: D:4-7

Altars:
Nemelex Xobeh


Message History

Aiming: Sting (safe; 1% risk of failure)
Press: ? - help, Shift-Dir - straight line, f/p - ogre
Aim: an ogre, wielding a +0 giant spiked club (moderately wounded, extremely poisoned, 89% to hit)
The sting hits the ogre but does no damage.
The ogre looks as sick as possible!
The ogre is moderately wounded.
The ogre misses you.
You climb upwards.
There is a stone staircase leading down here.
You turn into a tree.
Your +0 pair of gloves melds into your body.
Your +1 pair of boots melds into your body.
Your +0 robe melds into your body.
Your roots penetrate the ground.
The ogre hits you but does no damage.
You are too injured to fight recklessly!
Reach: d) +1 spear (freeze)
Press: ? - help, Dir - move target, f - ogre
Aim: an ogre, wielding a +0 giant spiked club (moderately wounded, extremely poisoned, about 24% to evade your +1 spear of freezing)
You hit the ogre but do no damage.
The ogre is moderately wounded.
The ogre hits you with a +0 giant spiked club.
* * * LOW HITPOINT WARNING * * *
Casting: Sting (safe; 1% risk of failure)
Confirm with . or Enter, or press ? or * to list all spells.
Aiming: Sting (safe; 1% risk of failure)
Press: ? - help, Shift-Dir - straight line, f/p - ogre
Aim: an ogre, wielding a +0 giant spiked club (heavily wounded, very poisoned, 89% to hit)
The sting hits the ogre.
The ogre looks as sick as possible!
The ogre is severely wounded.
The ogre barely misses you.
Casting: Sting (safe; 1% risk of failure)
Confirm with . or Enter, or press ? or * to list all spells.
Aiming: Sting (safe; 1% risk of failure)
Press: ? - help, Shift-Dir - straight line, f/p - ogre
Aim: an ogre, wielding a +0 giant spiked club (almost dead, extremely poisoned, 89% to hit)
The sting hits the ogre.
The ogre looks as sick as possible!
The ogre is almost dead.
The ogre hits you with a +0 giant spiked club!
You die...
Your body disappears without a glow.

#.# #..... #.# #.....
#.# #.#### #.#
#########.# #.#
#.......#.# #.#
#.......#.# #.#
#.......#.#
#.#########.......#.####
#.....O♣................
#######.................
#####........#....
#........#####
#.........####
########.............
#....................
#..........####......
#..........# #......


You could see an ogre (extremely poisoned).

Vanquished Creatures
  4 kobold brigands (Sewer)
  10 adders
  A gnoll (D:2)
  3 worms (Sewer)
  4 dart slugs
  4 orcs (D:3)
  13 ball pythons
  6 endoplasms
  4 giant cockroaches
  3 goblins
  6 hobgoblins
  4 jackals (D:2)
  9 kobolds
  A quokka (D:2)
  5 bats
  3 frilled lizards (D:2)
  11 rats
91 creatures vanquished.

Notes
Turn   | Place    | Note
-------+----------+-------------------------------------------
     0 | D:1      | hashsling the Deep Elf Venom Mage began the quest for the
                  | Orb.
     0 | D:1      | Reached XP level 1. HP: 10/10 MP: 6/6
   345 | D:1      | Reached XP level 2. HP: 15/15 MP: 4/8
   527 | D:1      | Learned a level 2 spell: Poisonous Vapours
   872 | D:1      | Reached skill level 4 in Spellcasting
   922 | D:1      | Found a faded altar of an unknown god.
   929 | D:1      | Prayed at the altar of an unknown god.
   929 | D:1      | Became a worshipper of Nemelex Xobeh the Trickster
   929 | D:1      | Reached * piety under Nemelex Xobeh
  1213 | D:2      | Reached XP level 3. HP: 19/19 MP: 8/10
  1501 | D:2      | Received a gift from Nemelex Xobeh
  2273 | D:2      | Reached XP level 4. HP: 11/24 MP: 0/12
  2531 | D:2      | Learned a level 4 spell: Olgreb's Toxic Radiance
  3055 | D:3      | Reached skill level 5 in Spellcasting
  3126 | D:3      | Found a glowing drain.
  3141 | Sewer    | Entered a sewer
  3163 | Sewer    | Noticed a kobold brigand
  3178 | Sewer    | Killed a kobold brigand
  3179 | Sewer    | Reached skill level 5 in Poison Magic
  3179 | Sewer    | Reached XP level 5. HP: 9/28 MP: 1/15
  4013 | Sewer    | Reached skill level 6 in Spellcasting
  4013 | Sewer    | Reached XP level 6. HP: 32/32 MP: 5/17
  4175 | Sewer    | Reached ** piety under Nemelex Xobeh
  4409 | Sewer    | Reached skill level 7 in Spellcasting
  4802 | D:3      | Received a gift from Nemelex Xobeh
  5830 | D:3      | Mangled by an ogre

Illustrated notes

Levels and vault maps discovered:
D:1:      matt_arrival_diagonals, layout_basic,
          shapermc_ecumenical_altar_mp_ritualfount
D:2:      minmay_skewed_foursquare, layout_loops_ring
D:3:      layout_basic, portal_sewer_entry_a
D:4:      layout_gridville

Skill      XL: |  1  2  3  4  5  6 |
---------------+-------------------+-----
Spellcasting   | 4 5 6 7 |  7.2
Poison Magic   | 4 5 6 |  6.5
Dodging        | |  2.4
Stealth        | |  2.4
Transmutations | |  1.1

Action                   |  1- 3 |  4- 6 || total
-------------------------+-------+-------++-------
Melee: Unarmed           |    12 |       ||    12
       Dagger            |    34 |       ||    34
       Short sword       |     2 |     4 ||     6
       Spear             |       |    64 ||    64
Throw: Dart              |       |     3 ||     3
 Cast: Sting             |    43 |    56 ||    99
       Poisonous Vapours |    22 |    71 ||    93
  Use: Scroll            |     1 |     1 ||     2
       Potion            |     1 |     1 ||     2
Armor: Robe              |    10 |     9 ||    19
       Skin              |       |     1 ||     1
Dodge: Dodged            |    32 |    45 ||    77

Table legend: (Time is in decaauts)
 A = Elapsed time spent in this place.
 B = Non-inter-level travel time spent in this place.
 C = Inter-level travel time spent in this place.
 D = Time resting spent in this place.
 E = Time spent auto-exploring this place.
 F = Levels seen in this place.
 G = Mean time per level.
                   A        B        C        D        E       F      G
               +--------+--------+--------+--------+--------+-----+--------+
         Total |   5984 |   5853 |    131 |      0 |   5030 |   5 | 1196.8 |
       Dungeon |   4308 |   4177 |    131 |      0 |   3594 |   4 | 1077.0 |
         Sewer |   1675 |   1675 |      0 |      0 |   1435 |   1 | 1675.0 |
               +--------+--------+--------+--------+--------+-----+--------+

Top non-repeatable levels by time:
     D:2: 1875 daAuts
   Sewer: 1675 daAuts
     D:3: 1248 daAuts
     D:1: 1174 daAuts
     D:4: 10 daAuts
